AoeStats
← 一杯冰美式

Arena

510750018Analyzed
4v4 RM · 10h ago on Oct 2, 2026· 53m 18s· 8 players
Game mode
Random Map
Map size
Large (8 player)
Population
200
Speed
Normal
Resources
Standard
Victory
Conquest
Starting age
Dark Age
Ending age
Imperial Age
RankedLock teamsTeams togetherTeam positionsShared explorationLock speedFull tech treeHidden civsTurbo modeCheats
Victory
Defeat
🇨🇳 Turks · China
1072
+14
🇹🇼 Poles · Taiwan
1071
+14
🇭🇰 Bengalis · Hong Kong SAR China
1035
+16
🇦🇷 Italians · Argentina
1012
+17
🇮🇹 Danes · Italy
1091
-17
🇭🇰 Mongols · Hong Kong SAR China
1079
-17
🇨🇳 Bohemians · China
997
-14
🇵🇱 Japanese · Poland
968
-13
15634125
4:05 Loom
10:50 Feudal Age
14:56 Castle Age
14:52 Double-Bit Axe
19:27 Wheelbarrow
18:39 Loom
30:08 Imperial Age
28:53 Hand Cart
28:55 Bloodlines
31:35 Elite Battle Elephant
31:46 Elite Skirmisher
32:11 Elite Elephant Archer
34:15 Fletching
35:43 Chemistry
36:17 Bodkin Arrow
37:10 Bow Saw
38:26 Light Cavalry
39:30 Bracer
39:34 Padded Archer Armor
41:00 Leather Archer Armor
40:53 Scale Barding Armor
41:00 Forging
44:56 Ring Archer Armor
46:45 Siege Elephant
49:02 Coinage
52:16 Chain Barding Armor
52:33 Iron Casting
小猪桑
11:09 Feudal Age
16:09 Castle Age
15:06 Double-Bit Axe
17:56 Horse Collar
21:58 Loom
25:45 Ballistics
25:58 Ballistics
25:57 Fortified Wall
26:37 Bow Saw
27:49 Masonry
40:03 Treadmill Crane
41:58 Town Watch
43:36 Gold Mining
43:37 Stone Mining
45:28 Wheelbarrow
45:58 Heavy Plow
51:11 Imperial Age
48:57 Hand Cart
48:46 Town Patrol
49:24 Gold Shaft Mining
49:08 Fletching
49:20 Padded Archer Armor
49:27 Padded Archer Armor
49:46 Bodkin Arrow
51:52 Artillery
52:21 Bracer
53:38 Conscription
53:54 Hoardings
一杯冰美式
1:12 Loom
2:52 Loom
11:43 Feudal Age
12:36 Horse Collar
17:17 Castle Age
15:53 Double-Bit Axe
18:32 Stone Mining
18:37 Gold Mining
18:55 Stone Mining
22:25 Wheelbarrow
21:36 Town Watch
27:22 Imperial Age
25:42 Stone Shaft Mining
27:29 Szlachta Privileges
27:57 Heavy Plow
28:31 Bow Saw
30:06 Conscription
29:13 Cavalier
29:53 Husbandry
30:03 Bloodlines
31:08 Crop Rotation
31:04 Scale Barding Armor
32:13 Forging
33:30 Iron Casting
33:15 Chain Barding Armor
35:11 Blast Furnace
43:10 Hand Cart
42:57 Town Patrol
Mihuaaa
11:07 Feudal Age
15:21 Castle Age
13:17 Double-Bit Axe
13:14 Horse Collar
17:33 Bow Saw
20:33 Wheelbarrow
21:23 Town Watch
21:46 Loom
22:38 Gold Mining
24:43 Heavy Plow
27:57 Imperial Age
26:05 Thumb Ring
25:56 Crossbowman
27:14 Fletching
27:27 Padded Archer Armor
28:16 Bodkin Arrow
28:44 Ballistics
28:51 Stone Mining
30:08 Bloodlines
29:43 Arbalester
29:44 Elite Skirmisher
31:13 Hand Cart
31:35 Leather Archer Armor
32:48 Conscription
34:07 Ring Archer Armor
35:29 Bracer
36:31 Chemistry
36:41 Scale Mail Armor
36:44 Husbandry
37:52 Two-Man Saw
37:24 Crop Rotation
38:15 Light Cavalry
39:16 Capped Ram
41:19 Forging
41:28 Hussar
45:04 Scale Barding Armor
45:35 Iron Casting
47:18 Blast Furnace
46:39 Chain Barding Armor
48:22 Plate Barding Armor
50:45 Hoardings
50:22 Masonry
50:24 Fortified Wall
50:17 Murder Holes
Ottone il Grande
12:03 Feudal Age
15:48 Castle Age
13:58 Horse Collar
14:06 Double-Bit Axe
14:14 Gold Mining
15:12 Loom
19:22 Scale Mail Armor
21:40 Chain Mail Armor
25:03 Forging
24:48 Fletching
26:43 Iron Casting
30:45 Pikeman
31:13 Arson
31:28 Squires
31:14 Gambesons
32:26 Bodkin Arrow
36:20 Imperial Age
38:56 Elite Varangian Guard
39:44 Elite Skirmisher
41:26 Halberdier
47:56 Murder Holes
50:22 Plate Mail Armor
50:53 Blast Furnace
51:40 Elite Jomsviking
KIELE_PL
0:54 Loom
10:33 Feudal Age
20:01 Castle Age
18:09 Double-Bit Axe
18:16 Horse Collar
19:38 Gold Mining
19:46 Stone Mining
21:40 Bow Saw
22:46 Wheelbarrow
22:16 Town Watch
25:19 Heavy Plow
26:38 Hand Cart
32:20 Imperial Age
30:33 Squires
30:19 Arson
31:33 Gold Shaft Mining
31:02 Caravan
32:02 Forging
31:53 Scale Mail Armor
31:46 Fletching
33:32 Iron Casting
33:55 Conscription
35:01 Two-Man Saw
34:18 Chain Mail Armor
34:13 Pikeman
35:15 Halberdier
38:08 Blast Furnace
37:39 Plate Mail Armor
38:26 Gambesons
38:02 Man-at-Arms
39:26 Long Swordsman
40:18 Two-Handed Swordsman
41:10 Champion
非宁静无以致远
10:08 Feudal Age
14:34 Castle Age
12:24 Double-Bit Axe
12:47 Horse Collar
15:59 Bow Saw
24:12 Wheelbarrow
23:32 Gold Mining
23:46 Heavy Plow
24:59 Stone Mining
25:51 Hand Cart
30:25 Imperial Age
28:09 Fletching
28:43 Bloodlines
28:23 Loom
29:34 Thumb Ring
30:03 Bodkin Arrow
30:29 Padded Archer Armor
30:59 Husbandry
31:25 Ballistics
31:34 Conscription
31:29 Bracer
32:40 Leather Archer Armor
34:39 Gold Shaft Mining
34:54 Siege Engineers
35:50 Chemistry
35:19 Elite Mangudai
37:18 Onager
38:13 Murder Holes
38:49 Parthian Tactics
40:49 Light Cavalry
41:57 Nomads
44:10 Hoardings
44:33 Hussar
46:11 Scale Barding Armor
46:17 Forging
Pay It Forward
0:52 Loom
10:56 Feudal Age
18:49 Castle Age
17:10 Padded Archer Armor
17:35 Double-Bit Axe
17:33 Horse Collar
19:41 Bow Saw
19:49 Leather Archer Armor
22:36 Chemistry
25:54 Wheelbarrow
26:21 Fervor
26:32 Sanctity
28:16 Hand Cart
30:04 Heavy Plow
30:20 Town Watch
36:19 Imperial Age
36:30 Houfnice
37:28 Guilds
37:55 Ring Archer Armor
38:32 Two-Man Saw
43:20 Caravan
45:42 Ballistics
45:35 Fortified Wall
45:20 Murder Holes
45:31 Siege Engineers
45:36 Masonry
45:19 Fletching
46:11 Bodkin Arrow
46:13 Elite Skirmisher
47:12 Bracer
47:48 Conscription
47:36 Wagenburg Tactics
47:58 Conscription
47:44 Wagenburg Tactics
51:25 Architecture
Connection lost

Rejoining the realm…

Still unreachable

The connection could not be restored.

Session expired

The server has moved on; the page needs a fresh start.